 Dungeon Crawl Stone Soup version 0.29-a0-321-gf1c400731a (webtiles) character file.

Game seed: 7545789741458156568

1115 sizableburger the Chopper (level 8, 0/46 HPs)
             Began as a Deep Elf Fighter on Apr 5, 2022.
             Was a Believer of Okawaru.
             Slain by a vampire mosquito (9 damage)
             ... on level 6 of the Dungeon.
             The game lasted 00:09:52 (4448 turns).

sizableburger the Chopper (Deep Elf Fighter)        Turns: 4448, Time: 00:09:52

Health: 0/46       AC: 12    Str: 15    XL:     8   Next: 12%
Magic:  10/12      EV: 12    Int: 14    God:    Okawaru [**....]
Gold:   351        SH:  6    Dex: 14    Spells: 7/7 levels left

rFire   . . .      SeeInvis .   f - +0 war axe (vorpal)
rCold   . . .      Faith    .   c - +0 buckler
rNeg    + + .      Spirit   .   b - +0 scale mail
rPois   .          Reflect  .   o - +0 helmet
rElec   .          Harm     .   l - +0 cloak
rCorr   .          Rampage  .   (no gloves)
Will    .....                   r - +0 pair of boots
Stlth   ++........              g - amulet of regeneration
HPRegen 0.95/turn               n - ring of positive energy
MPRegen 0.13/turn               d - ring of positive energy

@: heroic
A: no striking features
a: Renounce Religion, Heroism


You were on level 6 of the Dungeon.
You worshipped Okawaru.
Okawaru was pleased with you.
You visited 1 branch of the dungeon, and saw 6 of its levels.

You collected 351 gold pieces.

Inventory:

Hand Weapons
 a - a +1 war axe
 f - a +0 vorpal war axe (weapon)
Missiles
 h - 2 boomerangs
 m - 4 curare-tipped darts (quivered)
 t - 4 poisoned darts
 w - 2 datura-tipped darts
Armour
 b - a +0 scale mail (worn)
 c - a +0 buckler (worn)
 l - a +0 cloak (worn)
 o - a +0 helmet (worn)
 r - a +0 pair of boots (worn)
Jewellery
 d - a ring of positive energy (right hand)
 g - an amulet of regeneration (around neck)
 n - a ring of positive energy (left hand)
Wands
 k - a wand of polymorph (10)
 x - a wand of iceblast (7)
 y - a wand of mindburst (15)
Scrolls
 e - a scroll of fog
 j - 2 scrolls of teleportation
 u - a scroll of silence {unknown}
 v - a scroll of identify
Potions
 i - a potion of mutation {unknown}
 p - a potion of flight
 q - a potion of ambrosia


   Skills:
 - Level 3.3(8.3) Fighting
 + Level 6.2(11.2) Axes
 + Level 2.4(7.4) Throwing
 - Level 2.6(7.6) Armour
 - Level 3.9(8.9) Dodging
 - Level 2.6(7.6) Shields
 - Level 2.7 Invocations


You had 7 spell levels left.
You didn't know any spells.
Your spell library contained the following spells:

 Spells                   Type           Power      Damage    Failure   Level
 Ensorcelled Hibernation  Hex/Ice        0%         N/A       87%         2
 Passwall                 Tmut/Erth      0%         N/A       87%         2
 Spider Form              Tmut/Pois      0%         N/A       98%         3
 Swiftness                Air            0%         N/A       98%         3
 Anguish                  Hex/Necr       0%         N/A       100%        4
 Conjure Ball Lightning   Conj/Air       0%         3x3d6     100%        6
 Discord                  Hex            0%         N/A       100%        8
 Disjunction              Tloc           0%         N/A       100%        8


Dungeon Overview and Level Annotations

Branches:
Dungeon (6/15)             Temple (0/1) D:4

Altars:
Cheibriados
Elyvilon
Nemelex Xobeh
Okawaru
Qazlal
Ru
Uskayaw
Vehumet
Xom
Yredelemnul
Zin


Message History

You feel clever.
You barely miss the orc. The orc barely misses you. x2
You hit the orc.
You kill the orc!
Okawaru accepts your kill. The orc completely misses you.
You block the vampire mosquito's attack.
Press: ? - help, v - describe, . - travel, g - get item
Here: a vampire mosquito
Items here: a +0 short sword; an orc corpse.
The floor, spattered with blood.
Unknown command.
You gain the combat prowess of a mighty hero.
The vampire mosquito bites you! You block the orc's attack.
The vampire mosquito bites you.
You hit the vampire mosquito.
The vampire mosquito is lightly damaged.
The vampire mosquito bites you but does no damage.
The orc hits you from afar with a +0 trident.
The vampire mosquito bites you.
You closely miss the vampire mosquito.
The vampire mosquito is lightly damaged.
The vampire mosquito bites you! The orc hits you but does no damage.
A kobold demonologist comes into view. It is wielding a +0 dagger.
The vampire mosquito barely misses you.
You barely miss the vampire mosquito.
The vampire mosquito is lightly damaged.
The vampire mosquito bites you.
* * * LOW HITPOINT WARNING * * *
The vampire mosquito draws strength from your injuries!
You block the orc's attack.
The kobold demonologist mumbles some strange words.
The vampire mosquito bites you.
* * * LOW HITPOINT WARNING * * *
You feel better. The vampire mosquito bites you.
* * * LOW HITPOINT WARNING * * *
The orc hits you from afar with a +0 trident.
* * * LOW HITPOINT WARNING * * *
The vampire mosquito bites you!
You die...

... #...# #.# #.#.# .
#..####.#o##o# #.
...##.!...#
####.#####.#K.Y.##.#
#.....##....(.###
#.....##...o###
#.....#..##y#
#.......###@#
#.......###..#
#.........##.#
#.....###..#.. #.....#
#..... ##)..## ###...
#####...## ....
##......##########....#
........))........


You could see a kobold demonologist, a vampire mosquito and an orc.

Vanquished Creatures
  Prince Ribbit (D:5)
  A yak (D:6)
  Edmund (D:4)
  An ice beast (D:5)
  A black bear (D:6)
  3 scorpions
  A hound (D:4)
  2 jellies
  An iguana (D:2)
  Robin (D:4)
  7 adders
  A gnoll (D:1)
  10 orcs
  An endoplasm (D:3)
  7 giant cockroaches
  17 goblins
  10 hobgoblins
  2 jackals (D:3)
  10 kobolds
  3 quokkas
  5 ball pythons
  7 bats
  A frilled lizard (D:2)
  11 rats
105 creatures vanquished.

Notes
Turn   | Place    | Note
-------+----------+-------------------------------------------
     0 | D:1      | sizableburger the Deep Elf Fighter began the quest for the
                  | Orb.
     0 | D:1      | Reached XP level 1. HP: 13/13 MP: 3/3
    43 | D:1      | Reached XP level 2. HP: 9/18 MP: 4/4
   530 | D:1      | Reached skill level 2 in Axes
   649 | D:1      | Reached XP level 3. HP: 20/22 MP: 5/5
   675 | D:1      | Found a faded altar of an unknown god.
  1119 | D:2      | Found a snail-covered altar of Cheibriados.
  1206 | D:2      | Reached XP level 4. HP: 15/28 MP: 6/6
  1647 | D:2      | Reached skill level 1 in Dodging
  1800 | D:3      | Reached skill level 3 in Axes
  1860 | D:3      | Found a basalt altar of Yredelemnul.
  1954 | D:3      | Reached XP level 5. HP: 32/32 MP: 7/7
  2349 | D:3      | Found a radiant altar of Vehumet.
  2351 | D:3      | Found a white marble altar of Elyvilon.
  2355 | D:3      | Found an iron altar of Okawaru.
  2355 | D:3      | Found a glowing silver altar of Zin.
  2357 | D:3      | Found a sparkling altar of Nemelex Xobeh.
  2360 | D:3      | Found a stormy altar of Qazlal.
  2372 | D:3      | Became a worshipper of Elyvilon the Healer
  2383 | D:3      | Fell from the grace of Elyvilon
  2383 | D:3      | Became a worshipper of Warmaster Okawaru
  2781 | D:4      | Noticed Robin
  2796 | D:4      | Killed Robin
  2865 | D:4      | Noticed Edmund
  2883 | D:4      | Killed Edmund
  2883 | D:4      | Reached * piety under Okawaru
  2884 | D:4      | Reached skill level 4 in Axes
  2884 | D:4      | Reached XP level 6. HP: 37/37 MP: 5/8
  2927 | D:4      | Found a staircase to the Ecumenical Temple.
  3294 | D:4      | Found a hide-covered altar of Uskayaw.
  3294 | D:4      | Found a sacrificial altar of Ru.
  3549 | D:5      | Entered Level 5 of the Dungeon
  3593 | D:5      | Noticed Prince Ribbit
  3639 | D:5      | Reached skill level 1 in Invocations
  3640 | D:5      | Noticed an ice beast
  3659 | D:5      | Killed an ice beast
  3660 | D:5      | Reached XP level 7. HP: 41/41 MP: 8/11
  3772 | D:5      | Found a shimmering altar of Xom.
  3775 | D:5      | Found a shimmering altar of Xom.
  3777 | D:5      | Found a shimmering altar of Xom.
  3780 | D:5      | Found a shimmering altar of Xom.
  3985 | D:5      | Killed Prince Ribbit
  3985 | D:5      | Reached ** piety under Okawaru
  3986 | D:5      | Reached skill level 5 in Axes
  4302 | D:5      | Identified the +1 quarterstaff "Ollowoaf" {venom, +Blink
                  | MP+9 Stlth+}
  4392 | D:6      | Reached skill level 6 in Axes
  4392 | D:6      | Reached skill level 1 in Throwing
  4429 | D:6      | Noticed a yak
  4440 | D:6      | Noticed a vampire mosquito
  4441 | D:6      | Killed a yak
  4442 | D:6      | Reached XP level 8. HP: 32/46 MP: 12/12
  4446 | D:6      | Noticed a kobold demonologist
  4448 | D:6      | Slain by a vampire mosquito

Illustrated notes

Levels and vault maps discovered:
D:1:      lordsloth_arrival_two_stooges, layout_basic,
          hellmonk_ecumenical_altar_arch_garden, eino_curves_04,
          minmay_tromino_v4_b
D:2:      layout_loops_cross, basic_altar
D:3:      layout_basic, minitemple, minmay_misc_feat_tiny, grunt_ministairs_9
D:4:      layout_loops_corners, gammafunk_temple_overflow_wave,
          minmay_temple_entry_mist, uniq_robin, uniq_edmund
D:5:      layout_cave_pools, xom_redecorated, grunt_decor_fettered,
          roderic_cross_of_infinity, serial_bayou_pond_e,
          amcnicky_mini_corridor_feature, uniq_prince_ribbit1
D:6:      minmay_cornered_nines, layout_rooms,
          lemuel_mausoleum_altar_kikubaaqudgha, nicolae_take_the_stairs

Skill      XL: |  1  2  3  4  5  6  7 |
---------------+----------------------+-----
Axes           | 2 3 4 6 |  6.2
Fighting       | 3 |  3.3
Dodging        | 1 3 |  3.9
Invocations    | 2 |  2.7
Throwing       | 2 |  2.4
Armour         | |  2.6
Shields        | |  2.6

Action                   |  1- 3 |  4- 6 |  7- 9 || total
-------------------------+-------+-------+-------++-------
Melee: War axe           |    80 |   203 |    52 ||   335
Throw: Dart              |       |     8 |    12 ||    20
       Boomerang         |       |       |     5 ||     5
Invok: Heroism           |       |     1 |     1 ||     2
  Use: Potion            |     2 |     4 |     1 ||     7
       Scroll            |       |     9 |     1 ||    10
Armor: Scale mail        |    38 |    88 |    23 ||   149
       Skin              |       |     8 |       ||     8
Dodge: Dodged            |    31 |    98 |    28 ||   157
Block: Buckler           |    28 |    52 |    10 ||    90

Table legend: (Time is in decaauts)
 A = Elapsed time spent in this place.
 B = Non-inter-level travel time spent in this place.
 C = Inter-level travel time spent in this place.
 D = Time resting spent in this place.
 E = Time spent auto-exploring this place.
 F = Levels seen in this place.
 G = Mean time per level.
                   A        B        C        D        E       F      G
               +--------+--------+--------+--------+--------+-----+--------+
         Total |   4578 |   4360 |    218 |    296 |   3104 |   6 |  763.0 |
       Dungeon |   4578 |   4360 |    218 |    296 |   3104 |   6 |  763.0 |
               +--------+--------+--------+--------+--------+-----+--------+

Top non-repeatable levels by time:
     D:1: 1057 daAuts
     D:4: 1023 daAuts
     D:3: 898 daAuts
     D:5: 775 daAuts
     D:2: 708 daAuts
     D:6: 115 daAuts
